 Dungeon Crawl Stone Soup version 0.24-a0-479-g9a978d2894 (webtiles) character file.

Game seed: 8755031579701036958

9 Azzok the Firebug (level 2, 12/19 HPs)
             Began as a Demonspawn Fire Elementalist on July 7, 2019.
             Quit the game on level 1 of the Dungeon.
             The game lasted 00:00:47 (665 turns).

Azzok the Firebug (Demonspawn Fire Elementalist)     Turns: 665, Time: 00:00:47

Health: 12/19      AC:  2    Str:  8    XL:     2   Next: 6%
Magic:  1/5        EV: 12    Int: 16    God:
Gold:   31         SH:  0    Dex: 13    Spells: 4/5 levels left

rFire    + . .     SeeInvis .   d - +2 mace (crush)
rCold    . . .     Gourm    .   (no shield)
rNeg     . . .     Faith    .   a - +0 robe
rPois    .         Spirit   .   (no helmet)
rElec    .         Reflect  .   (no cloak)
rCorr    .         Harm     .   (no gloves)
MR       .....                  (no boots)
Stlth    ++........             (no amulet)
HPRegen  0.06/turn              (no ring)
MPRegen  0.09/turn              (no ring)

@: no status effects
A: fire resistance 1
a: no special abilities


You were on level 1 of the Dungeon.
You were not hungry.

You visited 1 branch of the dungeon, and saw 1 of its levels.

You collected 31 gold pieces.

Inventory:

Hand Weapons
 d - a +2 mace of crushing (weapon)
Armour
 a - a +0 robe (worn)
Scrolls
 e - a scroll of identify {unknown}
Potions
 b - a potion of haste {unknown}
 f - a potion of curing {unknown}
Comestibles
 c - a ration
 g - 2 chunks of flesh


   Skills:
 - Level 1.7 Dodging
 - Level 1.7 Stealth
 + Level 2.2 Spellcasting
 + Level 1.3 Conjurations
 + Level 2.9 Fire Magic


You had 4 spell levels left.
You knew the following spells:

 Your Spells              Type           Power        Failure   Level  Hunger
a - Flame Tongue          Conj/Fire      #....        9%          1    #......

Your spell library contained the following spells:

 Spells                   Type           Power        Failure   Level  Hunger
 Throw Flame              Conj/Fire      #.....       13%         2    ###....
 Conjure Flame            Conj/Fire      #.......     26%         3    ###....
 Inner Flame              Hex/Fire       #.......     32%         3    ###....
 Sticky Flame             Conj/Fire      #.......     63%         4    #####..
 Fireball                 Conj/Fire      #.........   93%         5    ######.


Dungeon Overview and Level Annotations

Branches:
Dungeon (1/15)

Altars:


Innate Abilities, Weirdness & Mutations

Your flesh is heat resistant. (rF+)


Message History

Press: ? - help, Shift-Dir - straight line, f/p - hobgoblin
Aim: a hobgoblin (moderately wounded)
The flame tongue hits the hobgoblin!
You kill the hobgoblin!
You have reached level 2!
Your demonic ancestry asserts itself...
You feel resistant to heat. The hobgoblin hits you with a +0 club.
You completely miss the hobgoblin. The hobgoblin closely misses you.
You closely miss the hobgoblin.
The hobgoblin hits you but does no damage.
The hobgoblin hits you with a +0 club.
You hit the hobgoblin.
The hobgoblin is severely wounded.
The hobgoblin barely misses you.
You sock the hobgoblin!
You kill the hobgoblin!
Things that are here:
a +0 club; a hobgoblin corpse Are you sure you want to abandon this character and quit the game? (Confirm with "yes".)

▒··········▒
▒·····▒▒▒·
▒··········▒▒▒▒▒
▒·····▒
▒··············▒
▒·▒·▒·▒
▒···▒▒▒········▒
▒·▒·▒·▒ ▒···▒
▒········▒ ▒ ▒·▒·▒▒▒·
▒···▒ ▒········▒
▒·▒······· ▒···▒
▒········▒ ▒···▒▒·▒▒▒
▒···▒
▒········▒·▒▒▒·······
▒···
▒···@····▒········▒▒▒
▒········▒▒▒▒▒>▒▒·▒
▒········▒▒·▒▒····▒
▒▒▒▒▒▒▒▒▒▒▒·▒▒▒▒▒·▒
▒▒▒▒▒▒▒▒·······▒
····[····▒▒▒▒▒▒▒▒▒
··················
·········▒▒▒▒▒▒▒▒▒
·················


There were no monsters in sight!

Vanquished Creatures
  A giant cockroach (D:1)
  3 hobgoblins (D:1)
  3 kobolds (D:1)
  A bat (D:1)
8 creatures vanquished.

Notes
Turn   | Place    | Note
-------+----------+-------------------------------------------
     0 | D:1      | Azzok the Demonspawn Fire Elementalist began the quest for
                  | the Orb.
     0 | D:1      | Reached XP level 1. HP: 13/13 MP: 3/3
   658 | D:1      | Gained mutation: Your flesh is heat resistant. (rF+)
                  | [demonic ancestry]
   658 | D:1      | Reached XP level 2. HP: 18/19 MP: 1/5
   665 | D:1      | Quit the game

Levels and vault maps discovered:
D:1:      matt_arrival_diagonals, layout_basic

Action                   || total
-------------------------++-------
Melee: Mace              ||    14
       Unarmed           ||     2
 Cast: Flame Tongue      ||     8
 Stab: Sleeping          ||     1
Armor: Robe              ||     2
Dodge: Dodged            ||    13

Table legend:
 A = Non-vault XP
 B = Vault XP
 C = Vault XP percentage of total XP
 D = Non-vault monster count
 E = Vault monster count
 F = Vault count percentage of total count
                 A         B        C        D         E       F
            +---------+---------+-------+---------+---------+-------
      Total |      14 |       0 |   0.0 |       8 |       0 |   0.0
            +---------+---------+-------+---------+---------+-------
        D:1 |      14 |       0 |   0.0 |       8 |       0 |   0.0
            +---------+---------+-------+---------+---------+-------
